[Event "ICC tourney 2171 (3 2)"]
[Site "Internet Chess Club"]
[Date "2020.12.05"]
[Round "10"]
[White "abelMZ084"]
[Black "Averyyu321"]
[Result "1-0"]
[ICCResult "Black forfeits on time"]
[WhiteElo "1321"]
[BlackElo "1409"]
[Opening "Queen's pawn game"]
[ECO "D05"]
[NIC "QP.08"]
[Time "00:27:21"]
[TimeControl "180+2"]

1. d4 d5 2. Nf3 e6 3. e3 Nf6 4. Bd3 Bd6 5. Nbd2 O-O 6. Ne5 b6 7. f4 Bb7 8.
Qf3 c5 9. c3 Nbd7 10. g4 cxd4 11. exd4 Qc7 12. g5 Ne8 13. Bxh7+ Kxh7 14.
Qh5+ Kg8 15. Rg1 g6 16. Qh6 Ng7 17. Ndf3 Rfe8 18. Nh4 Nxe5 19. fxe5 Bf8 20.
Nf3 Nh5 21. h4 Bxh6 22. gxh6 Qe7 23. Bg5 Qd7 24. Bf6 Kh7 25. Ng5+ Kxh6 26.
O-O-O Nxf6 27. exf6 Rf8 28. Nf3 Kh7 29. Ng5+ Kg8 30. h5 Qd8 31. hxg6 fxg6
32. Nxe6 Qe8 33. Nxf8 Qxf8 34. Rdf1 Qf7 35. Rg5 Rf8 36. Rfg1 Qxf6 37. Rxg6+
Qxg6 38. Rxg6+ Kf7 39. Rg5 Ke6 40. Rg1 Rf2 41. Re1+ Kd6 42. Re8 Kd7 43. Rh8
Ba6 44. Rh7+ Kc6 45. Rxa7 Bd3 46. b3 Rc2+ 47. Kd1 Rh2 48. b4 Bc2+ 49. Kc1
Bd3 50. Kd1 Bc4 51. a4 Ra2 52. b5+ Kd6 53. Ra6 Bb3+ 54. Ke1 Rxa4 55. Rxb6+
Kd7 56. Rc6 Bc4 57. Kd2 Bxb5 58. Rg6 Bc4 59. Rg7+ Ke6 60. Ke3 Ra3 61. Kd2
Ra2+ 62. Ke3 Re2+ 63. Kf4 Rf2+ 64. Ke3 Rc2 65. Kf3 Rxc3+ 66. Kf4 Rd3 67.
Rg6+ Kf7 68. Rd6 Rxd4+ 69. Ke5 Re4+ 70. Kf5 Re1 71. Rd7+ Ke8 72. Ra7 d4 73.
Ra4 Rc1 74. Ke4 d3 75. Ke3 Rc2 76. Ra8+ {Black forfeits on time} 1-0

[Event "ICC tourney 2171 (3 2)"]
[Site "Internet Chess Club"]
[Date "2020.12.05"]
[Round "11"]
[White "A4-H5"]
[Black "yogokings12"]
[Result "1-0"]
[ICCResult "Black resigns"]
[WhiteElo "1729"]
[BlackElo "1489"]
[Opening "Bird's opening"]
[ECO "A03"]
[NIC "VO.07"]
[Time "00:40:48"]
[TimeControl "180+2"]

1. f4 d5 2. Nf3 g6 3. e3 Bg7 4. Bd3 c5 5. Bb5+ Bd7 6. Qe2 a6 7. Bxd7+ Qxd7
8. O-O Nc6 9. d3 Nh6 10. Nc3 O-O 11. Bd2 e5 12. e4 d4 13. Nd5 Qd8 14. fxe5
Nxe5 15. Nxe5 Bxe5 16. Bxh6 {Black resigns} 1-0

[Event "ICC tourney 2171 (3 2)"]
[Site "Internet Chess Club"]
[Date "2020.12.05"]
[Round "11"]
[White "jy2020"]
[Black "GGuseinov"]
[Result "1/2-1/2"]
[ICCResult "Game drawn by mutual agreement"]
[WhiteElo "1857"]
[BlackElo "2739"]
[Opening "Sicilian: accelerated fianchetto, Gurgenidze variation"]
[ECO "B36"]
[NIC "SI.33"]
[Time "00:40:48"]
[TimeControl "180+2"]

1. e4 c5 2. Nf3 g6 3. d4 cxd4 4. Nxd4 Nc6 5. c4 Nf6 6. Nc3 Nxd4 7. Qxd4 d6
8. Be2 Bg7 9. Be3 O-O 10. Qd2 a5 11. f3 a4 12. Kf2 Be6 13. Rad1 Qa5 14. Nd5
Nxd5 15. cxd5 Bd7 16. Qxa5 Rxa5 17. Rc1 Bxb2 18. Rc7 Bc8 19. Rb1 a3
{Game drawn by mutual agreement}
1/2-1/2

[Event "ICC tourney 2171 (3 2)"]
[Site "Internet Chess Club"]
[Date "2020.12.05"]
[Round "11"]
[White "javasri"]
[Black "needGodcom"]
[Result "1-0"]
[ICCResult "Black checkmated"]
[WhiteElo "1679"]
[BlackElo "1620"]
[Opening "French: exchange, Svenonius variation"]
[ECO "C01"]
[NIC "FR.01"]
[Time "00:41:44"]
[TimeControl "180+2"]

1. e4 e6 2. d4 d5 3. exd5 exd5 4. Nc3 Nf6 5. Bg5 Be7 6. Qd2 Be6 7. O-O-O c6
8. f3 Nbd7 9. Nge2 Qa5 10. Nf4 Bf5 11. g4 Bg6 12. h4 h6 13. Nxg6 fxg6 14.
Bf4 b5 15. Re1 Kf7 16. Bd3 b4 17. Nb1 Qxa2 18. h5 gxh5 19. gxh5 b3 20. Bg6+
Kf8 21. c3 a5 22. Qe2 Bd8 23. Qe8+ Nxe8 24. Rxe8# {Black checkmated} 1-0

[Event "ICC tourney 2171 (3 2)"]
[Site "Internet Chess Club"]
[Date "2020.12.05"]
[Round "11"]
[White "wildrumpus"]
[Black "avbhosale"]
[Result "1-0"]
[ICCResult "Black checkmated"]
[WhiteElo "1362"]
[BlackElo "1166"]
[Opening "Queen's pawn game"]
[ECO "D00"]
[NIC "QP.08"]
[Time "00:40:54"]
[TimeControl "180+2"]

1. d4 d5 2. e3 Nc6 3. Nf3 Bf5 4. Bd3 e6 5. O-O Nf6 6. Nbd2 Bd6 7. Qe2 O-O 8.
e4 dxe4 9. Nxe4 Bxe4 10. Bxe4 Nxe4 11. Qxe4 f5 12. Qxe6+ Rf7 13. Ng5 Qf8 14.
Qxf7+ Qxf7 15. Nxf7 Kxf7 16. d5 Nd4 17. c3 Nc2 18. Rb1 a5 19. a4 b5 20. axb5
a4 21. Be3 a3 22. bxa3 Nxa3 23. Ra1 Be5 24. Bc5 Bd6 25. Bxd6 cxd6 26. Ra2
Ke7 27. Rfa1 Kd7 28. Rxa3 Re8 29. Ra7+ Kc8 30. Ra8+ Kd7 31. R1a7#
{Black checkmated}
1-0

[Event "ICC tourney 2171 (3 2)"]
[Site "Internet Chess Club"]
[Date "2020.12.05"]
[Round "11"]
[White "pmchess98"]
[Black "rishik99"]
[Result "0-1"]
[ICCResult "White resigns"]
[WhiteElo "1387"]
[BlackElo "1305"]
[Opening "Petrov's defense"]
[ECO "C42"]
[NIC "RG.03"]
[Time "00:40:51"]
[TimeControl "180+2"]

1. e4 e5 2. Nf3 Nf6 3. Nxe5 d6 4. Nf3 Nxe4 5. Bc4 d5 6. Bb3 Nc6 7. O-O Be7
8. d3 Nf6 9. Nc3 Bg4 10. h3 Bh5 11. Bf4 Nd4 12. Nxd5 Nxd5 13. Bxd5 Qxd5 14.
c4 Nxf3+ 15. gxf3 Qxf3 16. Qa4+ c6 17. Bg3 O-O 18. Rfe1 Bc5 19. Qc2 Bg6 20.
Kh2 Qxd3 21. Qxd3 Bxd3 22. b3 Rfe8 23. Red1 Bg6 24. Rd7 b6 25. Rad1 h6 26.
h4 Re2 27. Kg2 Rxa2 28. Rc7 Re8 29. Rxc6 Be4+ {White resigns} 0-1

[Event "ICC tourney 2171 (3 2)"]
[Site "Internet Chess Club"]
[Date "2020.12.05"]
[Round "11"]
[White "chessfidebullet"]
[Black "TheChessShark"]
[Result "0-1"]
[ICCResult "White checkmated"]
[WhiteElo "1121"]
[BlackElo "1422"]
[Opening "Bishop's opening"]
[ECO "C23"]
[NIC "IG.04"]
[Time "00:40:52"]
[TimeControl "180+2"]

1. e4 e5 2. Bc4 d6 3. Qf3 Nf6 4. Qb3 Qe7 5. Nc3 Nc6 6. Bb5 Bd7 7. Bxc6 Bxc6
8. d3 O-O-O 9. Be3 Kb8 10. Nf3 Ng4 11. Nd5 Bxd5 12. Qxd5 Nxe3 13. fxe3 g6
14. d4 Bh6 15. Kf2 f6 16. Qb3 exd4 17. Nxd4 Qxe4 18. Qa4 Bxe3+ 19. Kf1 Bxd4
20. Re1 Qf4+ 21. Ke2 Rhe8+ 22. Kd1 Qg4+ 23. Kc1 Be3+ 24. Rxe3 Qxa4 25. Rc3
Qxa2 26. Ra3 Qd5 27. Rg3 Re2 28. Rd3 Qxg2 29. Rc3 Qxh1# {White checkmated}
0-1

[Event "ICC tourney 2171 (3 2)"]
[Site "Internet Chess Club"]
[Date "2020.12.05"]
[Round "11"]
[White "Averyyu321"]
[Black "Shakhmatova"]
[Result "1-0"]
[ICCResult "Black checkmated"]
[WhiteElo "1432"]
[BlackElo "1474"]
[Opening "QP counter-gambit (elephant gambit)"]
[ECO "C40"]
[NIC "KP.10"]
[Time "00:41:19"]
[TimeControl "180+2"]

1. e4 e5 2. Nf3 d5 3. Bd3 d4 4. O-O Bd6 5. Bc4 h6 6. d3 Nf6 7. h3 c6 8. c3
c5 9. Bb3 Nc6 10. Bc2 Qc7 11. Re1 Be6 12. Nbd2 b5 13. Nf1 O-O 14. Ng3 Qd7
15. Nh4 Bxh3 16. gxh3 Qxh3 17. Nhf5 Ng4 18. Qf3 Qh2+ 19. Kf1 Qh3+ 20. Ke2
Nh2 21. Qh5 Qxh5+ 22. Nxh5 Be7 23. Nhxg7 Ng4 24. Nh5 Bg5 25. Rg1 dxc3 26.
bxc3 b4 27. Rxg4 bxc3 28. Bxg5 hxg5 29. Rxg5+ Kh7 30. Nf6+ Kh8 31. Rh5#
{Black checkmated}
1-0

[Event "ICC tourney 2171 (3 2)"]
[Site "Internet Chess Club"]
[Date "2020.12.05"]
[Round "11"]
[White "IshanVannadil"]
[Black "abelMZ084"]
[Result "1-0"]
[ICCResult "Black forfeits on time"]
[WhiteElo "1656"]
[BlackElo "1319"]
[Opening "Giuoco Piano: Anderssen variation"]
[ECO "C54"]
[NIC "IG.02"]
[Time "00:41:04"]
[TimeControl "180+2"]

1. e4 e5 2. Nf3 Nc6 3. Bc4 Bc5 4. c3 Nf6 5. d4 exd4 6. e5 d5 7. Bb5 Ne4 8.
cxd4 Bb4+ 9. Bd2 Bxd2+ 10. Nbxd2 a6 11. Ba4 b5 12. Bc2 Ng5 13. h4 Ne6 14.
Nb3 Nb4 15. a3 Nxc2+ 16. Qxc2 Bd7 17. O-O-O Rc8 18. Nc5 Nxc5 19. dxc5 Be6
20. Ng5 h6 21. Ne4 Qe7 22. Ng3 Rd8 23. f4 g6 24. Rd4 Rg8 25. h5 g5 26. f5
Bc8 27. Re1 c6 28. Re3 g4 29. e6 fxe6 30. fxe6 Rg5 31. Nf5 Qf6 32. Rf4 d4
33. Nd6+ {Black forfeits on time} 1-0

[Event "ICC tourney 2171 (3 2)"]
[Site "Internet Chess Club"]
[Date "2020.12.05"]
[Round "11"]
[White "DrKnight01"]
[Black "blackjack721"]
[Result "0-1"]
[ICCResult "White checkmated"]
[WhiteElo "1269"]
[BlackElo "1228"]
[Opening "Richter-Veresov attack"]
[ECO "D01"]
[NIC "QP.07"]
[Time "00:40:50"]
[TimeControl "180+2"]

1. d4 Nf6 2. Nc3 d5 3. Bg5 c6 4. e3 Qa5 5. Nf3 Ne4 6. Bf4 Nxc3 7. bxc3 Qxc3+
8. Nd2 Nd7 9. Bd3 c5 10. O-O c4 11. Be2 e6 12. Rb1 Bb4 13. e4 Be7 14. Re1
Qxd4 15. Be3 Qf6 16. exd5 e5 17. Ne4 Qg6 18. Bh5 Qxe4 19. Bg5 Qf5 20. Bxe7
Kxe7 21. Bg4 Qg5 22. f4 Qxf4 23. Bxd7 Bxd7 24. Qh5 Qd4+ 25. Kh1 f6 26. Rbd1
Qg4 27. d6+ Kd8 28. Qf7 Qe6 29. Qxg7 Rg8 30. Qxh7 Qg4 31. Qe7+ Kc8 32. Rg1
a5 33. Qxf6 Ra6 34. Qxe5 Kb8 35. Qc5 Rc6 36. Qxa5 Qh4 37. Qd5 Rh8 38. Qf7
Qxh2# {White checkmated} 0-1

[Event "ICC tourney 2171 (3 2)"]
[Site "Internet Chess Club"]
[Date "2020.12.05"]
[Round "11"]
[White "clair"]
[Black "ConnorGo"]
[Result "0-1"]
[ICCResult "White checkmated"]
[WhiteElo "1174"]
[BlackElo "1266"]
[Opening "Modern defense"]
[ECO "A40"]
[NIC "QO.17"]
[Time "00:40:54"]
[TimeControl "180+2"]

1. d4 g6 2. Bf4 Bg7 3. Nc3 c6 4. e4 d6 5. Qd2 Nd7 6. O-O-O b5 7. f3 a5 8. e5
d5 9. g4 e6 10. h4 Ba6 11. h5 b4 12. Na4 Bxf1 13. Rxf1 Nb6 14. Nc5 Nc4 15.
Qd3 a4 16. Ne2 b3 17. a3 bxc2 18. Qxc2 Rb8 19. Nxa4 g5 20. Bd2 Ne7 21. Bb4
Nc8 22. Nec3 N8b6 23. Kd1 Ne3+ 24. Kd2 Nxc2 25. Kxc2 Nxa4 26. Nxa4 Rxb4 27.
axb4 O-O 28. Nc5 Qb6 29. h6 Bh8 30. Rh5 Qxb4 31. Rxg5+ Bg7 32. Rxg7+ Kh8 33.
Rh1 Qc4+ 34. Kb1 Ra8 35. Nd7 Qa2+ 36. Kc2 Qa4+ 37. Kd3 Qb3+ 38. Ke2 Qc2+ 39.
Kf1 Ra1# {White checkmated} 0-1

[Event "ICC tourney 2171 (3 2)"]
[Site "Internet Chess Club"]
[Date "2020.12.05"]
[Round "11"]
[White "CaptK"]
[Black "JohnnyHop98"]
[Result "1-0"]
[ICCResult "Black resigns"]
[WhiteElo "2205"]
[BlackElo "1788"]
[Opening "Budapest: Rubinstein variation"]
[ECO "A52"]
[NIC "QG.01"]
[Time "00:40:52"]
[TimeControl "180+2"]

1. d4 Nf6 2. c4 e5 3. dxe5 Ng4 4. Bf4 g5 5. Bg3 Bg7 6. Nf3 Nc6 7. h4 Ngxe5
8. Nxe5 Nxe5 9. e3 g4 10. Nc3 d6 11. Be2 h5 12. Qc2 Be6 13. Nd5 c6 14. Nf4
Qd7 15. Rd1 Qe7 16. Nxe6 Qxe6 17. O-O O-O 18. Rd2 Rad8 19. Rfd1 Bf6 20. b3
Qe7 21. Qf5 Bxh4 22. Bxh4 Qxh4 23. Rxd6 Rxd6 24. Rxd6 Qe7 25. Rh6 f6 26.
Qxh5 Qg7 27. Bxg4 f5 28. Bxf5 Nf3+ 29. Qxf3 Qxh6 30. Qe4 Qf6 31. g4 Rd8 32.
Kg2 Kg7 33. Qf4 Rh8 34. Qc7+ Qf7 35. Qe5+ Qf6 36. Qc7+ Qf7 37. Qd6 Rh6 38.
Qd4+ Kf8 39. Qd8+ Kg7 40. Qg5+ {Black resigns} 1-0

[Event "ICC tourney 2171 (3 2)"]
[Site "Internet Chess Club"]
[Date "2020.12.05"]
[Round "11"]
[White "avocuddle"]
[Black "GrandPatzer5"]
[Result "1-0"]
[ICCResult "Black resigns"]
[WhiteElo "1492"]
[BlackElo "1825"]
[Opening "QGD: Orthodox defense, Rubinstein variation"]
[ECO "D61"]
[NIC "QO.12"]
[Time "00:41:04"]
[TimeControl "180+2"]

1. d4 d5 2. c4 e6 3. Nc3 Nf6 4. Bg5 Be7 5. Nf3 O-O 6. e3 Nbd7 7. Qc2 a6 8.
O-O-O c5 9. h4 dxc4 10. Bxc4 b5 11. Bd3 c4 12. Be4 Rb8 13. g4 b4 14. Ne2 b3
15. axb3 cxb3 16. Qb1 Qc7+ 17. Nc3 Bb4 18. Kd2 Nxe4+ 19. Qxe4 Bb7 20. Qd3
Bxf3 21. Bf4 Qa5 22. Ra1 Qd5 23. Bxb8 Bxh1 24. Bg3 Be4 25. Qxa6 Bxc3+ 26.
Kxc3 Bc2 27. Ra5 Qh1 28. Qe2 Rc8+ 29. Kd2 Qb7 30. Rb5 Qa6 31. Rg5 Nb6 32.
Qxa6 Nc4+ 33. Ke2 Rb8 34. Qxc4 {Black resigns} 1-0

[Event "ICC tourney 2171 (3 2)"]
[Site "Internet Chess Club"]
[Date "2020.12.05"]
[Round "11"]
[White "chiringuito"]
[Black "hggonzalezzss"]
[Result "1-0"]
[ICCResult "Black forfeits on time"]
[WhiteElo "1940"]
[BlackElo "1520"]
[Opening "Nimzovich-Larsen attack: English variation"]
[ECO "A01"]
[NIC "VO.08"]
[Time "00:41:00"]
[TimeControl "180+2"]

1. b3 c5 2. Bb2 Nc6 3. e3 d6 4. d4 cxd4 5. exd4 d5 6. Bd3 g6 7. h3 Bg7 8.
Nf3 Nf6 9. O-O O-O 10. a3 Bd7 11. Nbd2 Re8 12. Qe2 Qc7 13. Ne5 e6 14. Rad1
Rac8 15. Rfe1 Nh5 16. Qf3 f5 17. Nxc6 Qxc6 18. Nf1 Qb6 19. Qe3 Nf6 20. Nh2
Ne4 21. Nf3 Rf8 22. Ne5 Qd6 23. f3 f4 24. Qe2 Ng3 25. Qf2 Nf5 26. Bxf5 Rxf5
27. c4 Bxe5 28. dxe5 Qc5 29. Bd4 Qxa3 30. cxd5 exd5 31. e6 Be8 32. Qh4 Qf8
33. Rc1 Rxc1 34. Rxc1 Bc6 35. Re1 Rh5 36. Qg4 Qe7 37. Qxf4 Rf5 38. Qb8+ Qf8
39. Qc7 {Black forfeits on time} 1-0

[Event "ICC tourney 2171 (3 2)"]
[Site "Internet Chess Club"]
[Date "2020.12.05"]
[Round "11"]
[White "DFKnights"]
[Black "stephenwilly"]
[Result "1-0"]
[ICCResult "Black resigns"]
[WhiteElo "1670"]
[BlackElo "1564"]
[Opening "Giuoco piano: Rosentreter variation"]
[ECO "C50"]
[NIC "IG.02"]
[Time "00:40:50"]
[TimeControl "180+2"]

1. e4 e5 2. Nf3 Nc6 3. Bc4 Bc5 4. O-O Nf6 5. d4 Bxd4 6. Nxd4 Nxd4 7. Bg5 h6
8. Bh4 g5 9. f4 gxh4 10. fxe5 d5 11. exd5 Nf5 12. exf6 Qxf6 13. Qe2+ Kf8 14.
Nc3 Rg8 15. Rae1 h3 16. g3 Qg5 17. Kh1 Bd7 18. Ne4 Qe7 19. Qh5 Re8 20. Rxf5
Bxf5 21. Qxf5 Qb4 22. Rf1 Rg7 23. Bd3 Qd4 24. Nf2 Re5 25. Qc8+ Re8 26. Qf5
Rg5 27. Qf3 Qxd5 28. Qxd5 Rxd5 29. Nxh3 Rde5 30. Kg2 Re1 31. Rf2 Rc1 32. Nf4
Ree1 33. b3 Rg1+ 34. Kh3 Rh1 35. a4 Rcg1 36. Be4 Re1 37. Bxh1 Rxh1 38. Ne6+
Ke7 39. Nxc7 Kd7 40. Nd5 Ke6 41. Nf4+ Kf5 42. Nd3+ Kg5 43. Rxf7 Rc1 44. Nxc1
{Black resigns}
1-0

[Event "ICC tourney 2171 (3 2)"]
[Site "Internet Chess Club"]
[Date "2020.12.05"]
[Round "11"]
[White "python0812"]
[Black "BreatheChessAls"]
[Result "1/2-1/2"]
[ICCResult "Game drawn because neither player has mating material"]
[WhiteElo "1552"]
[BlackElo "1678"]
[Opening "Sicilian: Labourdonnais-Löwenthal (Kalashnikov) variation"]
[ECO "B32"]
[NIC "SI.32"]
[Time "00:40:56"]
[TimeControl "180+2"]

1. e4 c5 2. Nf3 Nc6 3. d4 cxd4 4. Nxd4 e5 5. Nb5 d6 6. c4 Be7 7. N1c3 a6 8.
Na3 f5 9. Bd3 f4 10. g3 fxg3 11. hxg3 Nf6 12. Nc2 Bg4 13. Be2 Bxe2 14. Qxe2
O-O 15. Bg5 h6 16. Bxf6 Bxf6 17. O-O-O Bg5+ 18. Kb1 Qf6 19. Rhf1 Qf3 20.
Qxf3 Rxf3 21. Rxd6 Raf8 22. Nd1 Rxg3 23. Rd7 Rg4 24. Rxb7 Rxe4 25. Rb6 Rxc4
26. Nde3 Rc5 27. b4 Rc3 28. Kb2 Bd8 29. Rxa6 Nxb4 30. Nxb4 Rxe3 31. fxe3
Rxf1 32. Ra8 Rf7 33. Rxd8+ Kh7 34. a4 h5 35. a5 h4 36. a6 h3 37. Rd2 g5 38.
Nc6 g4 39. a7 Rxa7 40. Nxe5 g3 41. Nf3 h2 42. Nxh2 gxh2 43. Rxh2+ Kg6 44.
Kc3 Rd7 45. Rg2+ Kf6 46. Rg4 Kf5 47. Rd4 Re7 48. Kd3 Ke6 49. Re4+ Kd6 50.
Rd4+ Ke6 51. e4 Rd7 52. Rxd7 Kxd7 53. e5 Ke6 54. Ke4 Ke7 55. Kd4 Kd8 56. Kc5
Ke7 57. Kd5 Kd7 58. e6+ Ke7 59. Ke5 Ke8 60. Kd6 Kd8 61. e7+ Ke8 62. Kc5 Kxe7
{Game drawn because neither player has mating material}
1/2-1/2

[Event "ICC tourney 2171 (3 2)"]
[Site "Internet Chess Club"]
[Date "2020.12.05"]
[Round "11"]
[White "Pugnacious"]
[Black "akshajp"]
[Result "1/2-1/2"]
[ICCResult "Game drawn by mutual agreement"]
[WhiteElo "1602"]
[BlackElo "1257"]
[Opening "Queen's pawn game"]
[ECO "D00"]
[NIC "QP.08"]
[Time "00:41:00"]
[TimeControl "180+2"]

1. d4 d5 2. e3 e6 3. Bd3 Nf6 4. Nd2 c5 5. c3 Be7 6. f4 O-O 7. Ngf3 Ng4 8.
Qe2 Bh4+ 9. g3 Be7 10. O-O h5 11. h3 Nh6 12. Ne5 h4 13. g4 Nc6 14. Ndf3 c4
15. Bc2 Nxe5 16. Nxe5 Bd6 17. g5 Nf5 18. Bxf5 exf5 19. Qh5 Bxe5 20. fxe5 f4
21. exf4 Bxh3 22. Rf3 Bf5 23. Qxh4 f6 24. Rf2 fxg5 25. fxg5 Be4 26. Rh2 Kf7
27. Be3 Ke6 28. Qg4+ Bf5 29. Qh5 Rh8 30. Qe2 Rxh2 31. Qxh2 Qh8 32. Qg3 g6
33. Rf1 Qh5 34. Qg2 Rh8 35. Qg3 Be4 36. Rf6+ Ke7 37. Kf2 Qh2+ 38. Qxh2 Rxh2+
39. Kg3 Rxb2 40. Rf2 Rxf2 41. Kxf2 Bf5 42. Ke1 Kd7 43. Kd2 Kc6 44. Kc1 a5
45. Kb2 b5 46. Ka3 Bc2 47. Kb2 Bd1 48. Ka3 Kd7 49. Kb2 b4 50. Bd2 b3 51.
axb3 Bxb3 52. Ka3 a4 53. Bc1 Ke6 54. Kb4 Kf5 55. Kc5 Ke6 56. Kc6 Ba2
{Game drawn by mutual agreement}
1/2-1/2

[Event "ICC tourney 2171 (3 2)"]
[Site "Internet Chess Club"]
[Date "2020.12.05"]
[Round "11"]
[White "chesswarriors12"]
[Black "Sricharan07"]
[Result "1-0"]
[ICCResult "Black forfeits on time"]
[WhiteElo "1578"]
[BlackElo "1556"]
[Opening "King's Indian, 3.Nf3"]
[ECO "E60"]
[NIC "KI.68"]
[Time "00:41:44"]
[TimeControl "180+2"]

1. d4 Nf6 2. c4 g6 3. Nf3 Bg7 4. g3 d6 5. Bg2 O-O 6. O-O c5 7. dxc5 dxc5 8.
Nc3 Nc6 9. Bf4 Be6 10. Nd2 Nh5 11. Be3 Bd4 12. Bxd4 Qxd4 13. e3 Qd7 14. a3
Nf6 15. Qc2 Bf5 16. e4 Nd4 17. Qb1 Be6 18. Rd1 Qc7 19. b3 Rad8 20. Nf3 Nxf3+
21. Bxf3 Qe5 22. Qc2 a6 23. Rd2 Qc7 24. Rad1 Rd7 25. Nd5 Bxd5 26. exd5 Rfd8
27. Qc3 Rd6 28. b4 b6 29. Re2 a5 30. bxa5 bxa5 31. Rb1 Ne8 32. Reb2 R8d7 33.
Rb8 Rd8 34. R1b7 {Black forfeits on time} 1-0

[Event "ICC tourney 2171 (3 2)"]
[Site "Internet Chess Club"]
[Date "2020.12.05"]
[Round "11"]
[White "jaumevivesb"]
[Black "Hamlett144"]
[Result "0-1"]
[ICCResult "White forfeits on time"]
[WhiteElo "1283"]
[BlackElo "1213"]
[Opening "Owen defense"]
[ECO "B00"]
[NIC "VO.01"]
[Time "00:41:16"]
[TimeControl "180+2"]

1. e4 b6 2. d4 Bb7 3. Nc3 e6 4. Bd3 Bb4 5. a3 Bxc3+ 6. bxc3 Nf6 7. Bg5 h6 8.
Bh4 Nc6 9. e5 g5 10. Bg3 Nd5 11. c4 Nf4 12. Bxf4 gxf4 13. c3 Qg5 14. Qf3
O-O-O 15. Nh3 Qh4 16. Nxf4 Nxe5 17. Qe3 Ng4 18. Qg3 Qf6 19. O-O h5 20. h3
Nh6 21. Qe3 Rhg8 22. Be4 d5 23. Bf3 Nf5 24. Qe2 Qg5 25. Nxh5 Nh4 26. Ng3
Nxf3+ 27. Qxf3 dxc4 28. Qe2 Rde8 29. Qxc4 f5 30. f4 Qxg3
{White forfeits on time}
0-1

[Event "ICC tourney 2171 (3 2)"]
[Site "Internet Chess Club"]
[Date "2020.12.05"]
[Round "11"]
[White "SicilianEnding"]
[Black "PearsonH"]
[Result "1-0"]
[ICCResult "Black resigns"]
[WhiteElo "1733"]
[BlackElo "1425"]
[Opening "French: Albin-Alekhine-Châtard attack"]
[ECO "C13"]
[NIC "FR.06"]
[Time "00:40:51"]
[TimeControl "180+2"]

1. e4 e6 2. d4 d5 3. Nc3 Nf6 4. Bg5 Be7 5. e5 Nfd7 6. h4 h6 7. Be3 c5 8. Nf3
a6 9. Qd2 Nc6 10. Be2 cxd4 11. Bxd4 Nxd4 12. Qxd4 Bc5 13. Qf4 Qb6 14. O-O
Qc7 15. Qg3 O-O 16. Bd3 b5 17. a3 Bb7 18. Rfe1 Nb6 19. Ne2 Nc4 20. Nf4 Rfe8
21. Nh5 Bf8 22. Nf6+ Kh8 23. Nxe8 Rxe8 24. Bxc4 dxc4 25. Red1 Bc5 26. Qf4
Kg8 27. Rd2 Bxf3 28. gxf3 Be7 29. Rad1 Qb8 30. Rd7 f6 31. Qd4 fxe5 32. Qg4
Kf7 33. h5 Qa8 34. Qg6+ Kf8 35. Qxe6 Qxf3 36. Qxe5 Kg8 37. Qe6+ Kf8 38. Qg6
Qf7 39. Qxf7+ Kxf7 40. Ra7 Ke6 41. Rxa6+ Kf5 42. Rb6 Bf6 43. Rxb5+ Kg4 44.
a4 Ra8 45. a5 Ra6 46. Ra1 Bd4 47. Kf1 Kf3 48. Rf5+ Kg4 49. Rb5 Kf3 50. Rf5+
Kg4 51. Rb5 Ra7 52. c3 Bf6 53. a6 Kf4 54. Rb7 Ra8 55. a7 Be5 56. Ra4 Kf5 57.
Rxc4 Kg5 58. Rc5 Kf5 59. Re7 Kf4 60. Rcxe5 Kg4 61. Rb5 Kh4 62. Rb8 Rxa7 63.
Rxa7 Kxh5 64. Kg2 g5 65. Ra5 Kg4 66. Rb4+ Kh5 67. f4 Kg4 68. fxg5+ Kh5 69.
gxh6+ Kxh6 70. Rb6+ {Black resigns} 1-0

[Event "ICC tourney 2171 (3 2)"]
[Site "Internet Chess Club"]
[Date "2020.12.05"]
[Round "11"]
[White "Drachekokosnuss"]
[Black "Kyle45"]
[Result "1-0"]
[ICCResult "Black checkmated"]
[WhiteElo "1558"]
[BlackElo "1423"]
[Opening "Sicilian: Pin variation (Sicilian counter-attack)"]
[ECO "B41"]
[NIC "SI.41"]
[Time "00:40:46"]
[TimeControl "180+2"]

1. e4 c5 2. Nf3 e6 3. d4 cxd4 4. Nxd4 Nf6 5. Nc3 Bb4 6. Bg5 Bxc3+ 7. bxc3
Qa5 8. Nb5 Nxe4 9. Bf4 O-O 10. Bc7 Qa4 11. Bd3 Nc6 12. Nd6 Nxc3 13. Bxh7+
Kxh7 14. Qd3+ f5 15. Qxc3 Qb4 16. Qxb4 Nxb4 17. O-O Nxc2 18. Rac1 Nb4 19.
Nb5 Nd5 20. Bd6 Re8 21. Nc7 Nxc7 22. Rxc7 b6 23. Rfc1 Rd8 24. Be7 Re8 25.
Bd6 Kg6 26. Be5 Rd8 27. f4 Ba6 28. Rd1 Bb5 29. Rb1 Bc6 30. Rb3 Rdc8 31. Rg3+
Kh5 32. Rxg7 Rxc7 33. Bxc7 Kh6 34. Be5 d6 35. Rc7 dxe5 36. Rxc6 exf4 37.
Rxe6+ Kg5 38. Kf2 Rc8 39. Re2 Rc3 40. Rd2 Ra3 41. Rc2 a6 42. g3 fxg3+ 43.
hxg3 b5 44. Rb2 Ra4 45. Rc2 a5 46. Kf3 b4 47. Rb2 Ra3+ 48. Kf2 Kg4 49. Rc2
b3 50. Rc4+ Kg5 51. axb3 Rxb3 52. Ra4 Rb5 53. Kf3 Rb3+ 54. Kf2 Rb2+ 55. Kf3
Rb3+ 56. Kg2 Rb5 57. Ra3 Rd5 58. Ra4 Rb5 59. Kh3 Kf6 60. Kg2 Ke5 61. Kf3
Rb3+ 62. Kg2 Rb5 63. Kh3 Kd5 64. Kg2 Kc5 65. Rf4 Kb6 66. Ra4 Rb4 67. Ra3 Kb5
68. Rf3 Rb2+ 69. Kh3 Kb4 70. Rxf5 a4 71. g4 a3 72. Rf4+ Kb3 73. Rf3+ Kb4 74.
Rf4+ Kc3 75. Rf3+ Kb4 76. Rf4+ Kb5 77. Rf5+ Ka4 78. Rf4+ Kb3 79. Rf3+ Ka2
80. g5 Kb1 81. Rxa3 Rb3+ 82. Rxb3+ Kc2 83. Rg3 Kd2 84. g6 Ke2 85. g7 Kf2 86.
g8=Q Ke2 87. Qf7 Kd2 88. Rg6 Ke2 89. Re6+ Kd2 90. Qd7+ Kc2 91. Rc6+ Kb2 92.
Qb7+ Ka2 93. Ra6# {Black checkmated} 1-0